 Dungeon Crawl Stone Soup version 0.26.1-11-gd32895ea62 (webtiles) character file.

Game seed: 9679322480580518394

225287 Tirrikindir the Fencer (level 19, -5/139 HPs)
             Began as an Octopode Fighter on May 17, 2021.
             Was an Initiate of Gozag.
             Slain by a nagaraja
             ... wielding a +0 spear
              (6 damage)
             ... on level 4 of the Snake Pit.
             The game lasted 02:09:31 (45721 turns).

Tirrikindir the Fencer (Octopode Fighter)          Turns: 45721, Time: 02:09:32

Health: -5/139     AC:  7    Str: 33    XL:     19   Next: 71%
Magic:  0/19       EV: 21    Int: 18    God:    Gozag
Gold:   1699       SH: 23    Dex: 17    Spells: 18/18 levels left

rFire    . . .     SeeInvis +   X - +7 scimitar (flame)
rCold    + . .     Faith    .   b - +4 kite shield
rNeg     . . .     Spirit   +   W - +2 hat
rPois    +         Reflect  .   J - amulet of Taco {Spirit Slay+4}
rElec    +         Harm     .   F - ring "Boulouw" {Str+5 Int+6 Dex-3 SInv}
rCorr    .         Rampage  .   Q - +6 ring of dexterity
Will     +....     Clarity  +   T - ring of poison resistance
Stlth    ++++++++++             C - ring "Uguxtisch" {Str+5 Slay+4}
HPRegen  0.33/turn              D - +4 ring of protection
MPRegen  0.16/turn              h - ring of Shadows {Umbra +Inv Stlth+}
                                U - +4 ring of slaying
                                H - ring of Huntab {+Fly rElec rC+ Str+6}

@: gold aura, slowed, wreathed by umbra, constricted, studying Evocations, very
slow
A: almost no armour, stealthy swim, amphibious, 8 rings, constrict 8, large bone
plates 1, camouflage 1, clarity, sense surroundings 1, weak 1, gelatinous body 1
a: Renounce Religion, Evoke Invisibility, Evoke Flight, Potion Petition, Call
Merchant, Bribe Branch


You were on level 4 of the Snake Pit.
You worshipped Gozag.
Gozag was most pleased with you.
You visited 5 branches of the dungeon, and saw 28 of its levels.
You visited 1 bazaar.
You also visited: Gauntlet and Ice Cave.

You collected 13791 gold pieces.
You spent 8279 gold pieces at shops.
You paid 3813 gold pieces to Gozag.

Inventory:

Hand Weapons
 X - a +7 scimitar of flaming (weapon)
Missiles
 f - 76 poisoned darts (quivered)
Armour
 b - a +4 kite shield (worn)
 W - a +2 hat (worn)
Jewellery
 g - an uncursed ring of protection from cold
 h - the ring of Shadows (on tentacle) {Umbra +Inv Stlth+}
   (You bought it in a shop in a bazaar)

   [ring of stealth]

   It lets you turn invisible.
   It makes you more stealthy.
 j - an uncursed ring of protection from fire
 u - an uncursed ring of protection from cold
 x - an uncursed ring of flight
 C - the ring "Uguxtisch" (on tentacle) {Str+5 Slay+4}
   (You found it on level 7 of the Dungeon)

   [ring of slaying]

   It affects your strength (+5).
   It affects your accuracy and damage with ranged weapons and melee attacks
   (+4).
 D - a +4 ring of protection (on tentacle)
 F - the ring "Boulouw" (left tentacle) {Str+5 Int+6 Dex-3 SInv}
   (You bought it in a shop on level 2 of the Orcish Mines)

   [ring of intelligence]

   It affects your strength (+5).
   It affects your intelligence (+6).
   It affects your dexterity (-3).
   It lets you see invisible.
 H - the ring of Huntab (on tentacle) {+Fly rElec rC+ Str+6}
   (You bought it in a shop in a bazaar)

   [ring of strength]

   It affects your strength (+6).
   It protects you from cold.
   It insulates you from electricity.
   It lets you fly.
 I - a +4 ring of protection
 J - the amulet of Taco (around mantle) {Spirit Slay+4}
   (You bought it in a shop on level 11 of the Dungeon)

   [amulet of guardian spirit]

   It causes incoming damage to be split between your health and magic.
   It affects your accuracy and damage with ranged weapons and melee attacks
   (+4).
 K - the ring "Pieskih" {rN+ MP+9 Str+4}
   (You bought it in a shop on level 9 of the Dungeon)

   [ring of magical power]

   It affects your strength (+4).
   It protects you from negative energy.
   It affects your magic capacity (+9).
 O - an uncursed ring of positive energy
 Q - a +6 ring of dexterity (right tentacle)
 S - an uncursed ring of fire
 T - a ring of poison resistance (on tentacle)
 U - a +4 ring of slaying (on tentacle)
 V - an uncursed ring of protection from fire
Wands
 i - a wand of digging (9)
 m - a wand of iceblast (32)
 r - a wand of flame (62)
 w - a wand of paralysis (7)
 G - a wand of acid (38)
 M - a wand of disintegration (12)
Scrolls
 c - a scroll of holy word
 d - 5 scrolls of teleportation
 n - 2 scrolls of fear
 o - 13 scrolls of remove curse
 p - 5 scrolls of magic mapping
 q - 6 scrolls of identify
 v - 2 scrolls of fog
 y - a scroll of blinking
 z - a scroll of silence
 N - a scroll of summoning
Potions
 a - a potion of invisibility
 e - 4 potions of haste
 k - 2 potions of cancellation
 l - 2 potions of resistance
 t - 4 potions of curing
 Y - 2 potions of might
Books
 E - a manual of Evocations
Miscellaneous
 s - a lightning rod (4/4)
 A - a box of beasts
 L - a phial of floods


   Skills:
 * Level 15.4 Fighting
 + Level 17.0 Long Blades
 + Level 14.5 Dodging
 - Level 12.0 Stealth
 + Level 14.5 Shields
 + Level 14.0 Evocations


You had 18 spell levels left.
You didn't know any spells.
Your spell library contained the following spells:

 Spells                   Type           Power        Failure   Level
 Animate Skeleton         Necr           0%           22%         1
 Beastly Appendage        Tmut           0%           22%         1
 Corona                   Hex            0%           22%         1
 Freeze                   Ice            0%           22%         1
 Magic Dart               Conj           0%           22%         1
 Pain                     Necr           0%           22%         1
 Shock                    Conj/Air       0%           22%         1
 Summon Small Mammal      Summ           0%           22%         1
 Blink                    Tloc           N/A          34%         2
 Call Imp                 Summ           0%           34%         2
 Ensorcelled Hibernation  Hex/Ice        0%           34%         2
 Searing Ray              Conj           0%           34%         2
 Slow                     Hex            0%           34%         2
 Swiftness                Air            0%           34%         2
 Wereblood                Tmut           0%           34%         2
 Call Canine Familiar     Summ           0%           56%         3
 Confusing Touch          Hex            0%           56%         3
 Conjure Flame            Conj/Fire      0%           56%         3
 Dazzling Flash           Conj/Hex       0%           56%         3
 Frozen Ramparts          Ice            0%           56%         3
 Gell's Gravitas          Tloc           0%           56%         3
 Inner Flame              Hex/Fire       0%           56%         3
 Mephitic Cloud           Conj/Pois/Air  0%           56%         3
 Ozocubu's Armour         Ice            0%           56%         3
 Portal Projectile        Hex/Tloc       0%           56%         3
 Spider Form              Tmut/Pois      0%           56%         3
 Static Discharge         Conj/Air       0%           56%         3
 Stone Arrow              Conj/Erth      0%           56%         3
 Summon Guardian Golem    Hex/Summ       0%           56%         3
 Tukima's Dance           Hex            0%           56%         3
 Vampiric Draining        Necr           0%           56%         3
 Airstrike                Air            0%           92%         4
 Animate Dead             Necr           0%           92%         4
 Cause Fear               Hex            0%           92%         4
 Fulminant Prism          Conj/Hex       0%           92%         4
 Hailstorm                Conj/Ice       0%           92%         4
 Ice Form                 Ice/Tmut       0%           92%         4
 Iskenderun's Mystic Bla  Conj/Tloc      0%           92%         4
 Leda's Liquefaction      Hex/Erth       0%           92%         4
 Petrify                  Tmut/Erth      0%           92%         4
 Summon Ice Beast         Ice/Summ       0%           92%         4
 Summon Lightning Spire   Summ/Air       0%           92%         4
 Agony                    Necr           0%           99%         5
 Blade Hands              Tmut           0%           99%         5
 Bolt of Magma            Conj/Fire/Erth 0%           99%         5
 Irradiate                Conj/Tmut      0%           99%         5
 Lightning Bolt           Conj/Air       0%           99%         5
 Metabolic Englaciation   Hex/Ice        0%           99%         5
 Yara's Violent Unravell  Hex/Tmut       0%           99%         5
 Freezing Cloud           Conj/Ice/Air   0%           100%        6
 Hydra Form               Tmut           0%           100%        6
 Ozocubu's Refrigeration  Ice            0%           100%        6
 Simulacrum               Ice/Necr       0%           100%        6
 Statue Form              Tmut/Erth      0%           100%        6
 Dragon Form              Tmut           0%           100%        7


Dungeon Overview and Level Annotations

Branches:
Dungeon (15/15)            Temple (1/1) D:7            Lair (6/6) D:11
 Shoals (0/4) Lair:3        Snake (4/4) Lair:4        Slime (0/5) Lair:6
    Orc (2/2) D:10            Elf (0/3) Orc:2        Vaults (0/5) D:14
 Depths (0/5) D:15          IceCv (visited)         Gauntlet (visited)

Altars:
Ashenzari
Cheibriados
Dithmenos
Elyvilon
Fedhas
Gozag
Hepliaklqana
Kikubaaqudgha
Makhleb
Nemelex Xobeh
Okawaru
Qazlal
Ru
Sif Muna
Trog
Uskayaw
Vehumet
Wu Jian
Xom
Yredelemnul
Zin
The Shining One

Shops:
D:5 *   D:9 =(   D:11 ?}=   Orc:2 *!?:   Snake:1 !!((   Snake:3 *

Annotations:
Snake:3 3 runed translucent doors, exclusion: obsidian statue, Wiciz's ghost, adept GrBe


Innate Abilities, Weirdness & Mutations

You cannot wear most types of armour.
You are very stealthy in the water. (Stealth+)
You are amphibious.
You can wear up to eight rings at the same time.
You can use your tentacles to constrict eight enemies at once.
Your skin changes colour to match your surroundings (Stealth+).
Your rubbery body absorbs attacks. (AC +1, EV +1)
You are partially covered in large bone plates. (SH +4)
You possess an exceptional clarity of mind.
You passively map a small area around you.
You are weak. (Str -2)


Message History

A naga comes into view. It is wielding a +0 trident.
The naga becomes distracted by your gold, dreaming of imaginary riches.
The naga warrior becomes distracted by your gold, dreaming of imaginary riches.
The nagaraja becomes distracted by your gold, dreaming of imaginary riches.
* * * LOW HITPOINT WARNING * * *
The nagaraja constricts you.
The nagaraja shouts!
You feel much better.
The naga warrior shouts!
The naga is no longer distracted by gold.
The nagaraja is no longer distracted by gold.
You block the naga's attack.
The naga becomes distracted by your gold, dreaming of imaginary riches.
The nagaraja hits you with a +0 spear!
* * * LOW HITPOINT WARNING * * *
x2 The nagaraja constricts you!
The naga spits poison at you. You block the splash of poison.
You block the nagaraja's attack.
You die...
Your body crumbles into a pile of gold.

.. *,,, #. , #......#
, , #...#..,##......#
$ #...#...#<.....# ,
#N.N#...##..).## ,,
#.N.#.........# ,
#...#......##.#
##..!#...##.##.# , ,*
##...##...#...#.# #
,**
*#..@.####...∩...#
#,,,
#.NNN.##...##...###
## , ,
.N....N##.....##.##
.###$
NN...###.##.#....#
)).###
,,...###.....#######
##...########..##..##
..)....).........[##
.........###.....##
##..###### #######


You could see 2 naga warriors, a nagaraja (catching breath) and 7 nagas.

Vanquished Creatures
  Saint Roka (Orc:2)
  Vashnia (Snake:3)
  Nikola (Snake:4)
  Rupert (D:13)
  Jorgrun (D:12)
  Kirke (Snake:3)
  5 nagarajas
  A fire giant (D:14)
  2 frost giants
  The ghost of Imiczer the Cleaver, a journeyman FoFi of Okawaru (D:14)
  The ghost of Ytheofip the Cleaver, a journeyman FoFi of Okawaru (D:14)
  The ghost of Dosmin the Blocker, a journeyman MiFi of Okawaru (D:14)
  A minotaur (Gauntlet)
  The ghost of Isowisus the Protected, a journeyman MiBe of Trog (D:14)
  Snorg (D:12)
  4 yaktaur captains
  4 ogre magi
  The ghost of Mime the Severer, a journeyman DsFi of Makhleb (D:14)
  The ghost of Luit the Zephyrmancer, a journeyman DrAE of Fedhas (D:14)
  The ghost of Luit the Zephyrmancer, a journeyman DrAE of Fedhas (D:14)
  19 naga warriors
  A rakshasa (D:15)
  11 hydras
  8 vault guards (D:14)
  3 boulder beetles
  10 anacondas
  4 catoblepae
  7 centaur warriors
  18 two-headed ogres
  2 death knights (D:14)
  3 shock serpents
  7 death yaks
  11 naga sharpshooters
  A deep elf knight (D:15)
  A salamander mystic (Snake:4)
  3 unseen horrors
  A skeletal warrior (D:14)
  A deep troll (D:15)
  7 naga ritualists
  A death drake (shapeshifter) (D:14)
  2 wizards
  A lindwurm (Lair:6)
  10 mana vipers
  14 ugly things
  An orc sorcerer (Orc:1)
  A deep elf mage (D:14)
  A cyclops (D:15)
  A wolf spider (D:14)
  5 salamanders
  2 manticores
  19 naga magi
  25 black mambas
  Maurice (Orc:2)
  12 elephants
  An ice statue (IceCv)
  3 gargoyles
  2 guardian serpents (Snake:4)
  Joseph (D:7)
  17 cane toads
  Maggie (D:10)
  2 torpor snails
  4 rime drakes
  2 kobold demonologists
  8 komodo dragons
  2 freezing wraiths
  A tengu conjurer (D:15)
  A meliai (shapeshifter) (D:14)
  24 polar bears
  A queen bee (Lair:3)
  10 trolls
  5 hornets
  A wind drake (shapeshifter) (D:14)
  9 blink frogs
  A meliai zombie (D:15)
  3 dream sheep (Lair:6)
  10 slime creatures
  A snapping turtle (Lair:3)
  13 spriggans (Lair:6)
  A vampire (D:15)
  7 shadows
  4 wraiths
  A ynoxinul (Gauntlet)
  4 wyverns
  60 yaks
  6 hogs (Snake:3)
  2 vampire mosquitoes (D:15)
  5 basilisks
  A warg (Orc:2)
  An acid dragon (D:11)
  49 nagas
  A soldier ant (shapeshifter) (D:14)
  14 water moccasins
  A soldier ant (D:15)
  11 orc warriors
  7 ice beasts
  2 phantoms
  4 black bears
  3 sky beasts
  54 wolves
  4 boggarts (Lair:6)
  31 ogres
  4 centaurs
  3 necrophages
  24 bullfrogs
  5 big kobolds
  A wyvern zombie (D:8)
  A water moccasin zombie (D:5)
  2 water moccasin skeletons
  6 scorpions
  41 killer bees
  2 electric eels
  11 wights
  5 howler monkeys
  3 centaur zombies
  A quasit (D:8)
  6 bullfrog zombies
  14 orc priests
  17 jellies
  3 centaur skeletons
  5 hounds
  3 iron imps (Gauntlet)
  A bullfrog skeleton (D:13)
  4 iguanas
  14 orc wizards
  Terence (D:3)
  21 worker ants
  A killer bee zombie (D:5)
  2 hound zombies (D:5)
  2 hound skeletons (D:5)
  A howler monkey zombie (D:5)
  5 worker ant zombies
  4 gnolls (D:4)
  9 adders
  A shadow imp (D:9)
  15 white imps
  3 ufetubi
  An ooze (D:3)
  An adder skeleton (D:5)
  4 adder zombies (D:5)
  2 worms
  7 leopard geckos
  56 orcs
  3 ball pythons
  4 giant cockroaches
  4 goblins
  6 hobgoblins
  18 jackals
  5 quokkas
  4 bats
  3 frilled lizards
  2 giant cockroach zombies (D:5)
  A jackal skeleton (D:5)
  24 kobolds
  A quokka skeleton (D:5)
  3 quokka zombies (D:5)
  8 rats
  3 bushes
  A plant (Lair:6)
1043 creatures vanquished.

Vanquished Creatures (collateral kills)
  A two-headed ogre (Orc:2)
  A centaur warrior (D:14)
  2 ogre magi (Orc:2)
  2 naga sharpshooters (Snake:3)
  2 ogres (Orc:2)
  An orc (Orc:2)
9 creatures vanquished.

Vanquished Creatures (others)
  A mana viper (Snake:3)
  A naga (Snake:2)
  37 fungi
  39 plants
78 creatures vanquished.

Grand Total: 1130 creatures vanquished

Notes
Turn   | Place    | Note
-------+----------+-------------------------------------------
     0 | D:1      | Tirrikindir the Octopode Fighter began the quest for the
                  | Orb.
     0 | D:1      | Reached XP level 1. HP: 16/16 MP: 1/1
    92 | D:1      | Reached XP level 2. HP: 11/21 MP: 2/2
   324 | D:1      | Reached skill level 1 in Stealth
   579 | D:1      | Reached XP level 3. HP: 21/26 MP: 3/3
  1223 | D:2      | Noticed a scorpion
  1234 | D:2      | Killed a scorpion
  1235 | D:2      | Reached skill level 3 in Long Blades
  1235 | D:2      | Reached XP level 4. HP: 16/31 MP: 4/4
  1443 | D:2      | Found an ornate altar of the Wu Jian Council.
  1547 | D:2      | Reached XP level 5. HP: 36/36 MP: 5/5
  1973 | D:3      | Noticed Terence
  1986 | D:3      | Killed Terence
  3085 | D:4      | Reached XP level 6. HP: 27/43 MP: 6/6
  3340 | D:4      | Reached skill level 4 in Long Blades
  3623 | D:3      | Reached XP level 7. HP: 8/48 MP: 7/7
  3627 | D:3      | Gained mutation: You are partially covered in iridescent
                  | scales. (AC +2) [potion of mutation]
  3627 | D:3      | Gained mutation: You have supernaturally acute eyesight.
                  | (SInv) [potion of mutation]
  3627 | D:3      | Gained mutation: Your flesh is cold resistant. (rC+)
                  | [potion of mutation]
  3629 | D:3      | Reached skill level 5 in Long Blades
  3638 | D:3      | HP: 2/48 [poisoned by a killer bee]
  3646 | D:3      | HP: 2/48 [poisoned by a killer bee]
  4303 | D:4      | Found a burning altar of Makhleb.
  4498 | D:4      | Reached skill level 6 in Long Blades
  4708 | D:4      | Found an iron altar of Okawaru.
  4709 | D:4      | Found a white marble altar of Elyvilon.
  4709 | D:4      | Found a blossoming altar of Fedhas.
  4710 | D:4      | Found a shadowy altar of Dithmenos.
  4941 | D:5      | Entered Level 5 of the Dungeon
  4970 | D:5      | Reached skill level 1 in Evocations
  4980 | D:5      | Reached XP level 8. HP: 25/54 MP: 8/8
  5013 | D:5      | Reached skill level 7 in Long Blades
  5704 | D:5      | Reached skill level 8 in Long Blades
  5755 | D:5      | Found Fivy's Assorted Antiques.
  5764 | D:5      | Bought an emerald potion for 17 gold pieces
  5764 | D:5      | Bought a glowing cabochon amulet for 95 gold pieces
  6215 | D:6      | Found a hazy altar of Hepliaklqana.
  6772 | D:6      | Found an opulent altar of Gozag.
  6778 | D:6      | Found a glowing silver altar of Zin.
  6806 | D:6      | Became a worshipper of Gozag Ym Sagoz the Greedy
  7109 | D:6      | Lost mutation: You have supernaturally acute eyesight.
                  | (SInv) [potion of mutation]
  7109 | D:6      | Lost mutation: You are partially covered in iridescent
                  | scales. (AC +2) [potion of mutation]
  7109 | D:6      | Lost mutation: Your flesh is cold resistant. (rC+) [potion
                  | of mutation]
  7109 | D:6      | Gained mutation: You are partially covered in large bone
                  | plates. (SH +4) [potion of mutation]
  7109 | D:6      | Gained mutation: You passively map a small area around you.
                  | [potion of mutation]
  7109 | D:6      | Gained mutation: You are weak. (Str -2) [potion of
                  | mutation]
  7109 | D:6      | Gained mutation: You possess an exceptional clarity of
                  | mind. [potion of mutation]
  7210 | D:7      | Reached XP level 9. HP: 34/59 MP: 9/9
  7348 | D:7      | Found a shimmering altar of Xom.
  7349 | D:7      | Found a shadowy altar of Dithmenos.
  7349 | D:7      | Found a basalt altar of Yredelemnul.
  7349 | D:7      | Found an ancient bone altar of Kikubaaqudgha.
  7385 | D:7      | Reached skill level 5 in Dodging
  7386 | D:7      | Reached skill level 5 in Shields
  7389 | D:7      | Noticed a five-headed hydra
  7393 | D:7      | Reached skill level 5 in Stealth
  7483 | D:7      | Found an iron altar of Okawaru.
  7578 | D:7      | Killed a five-headed hydra
  7646 | D:7      | Reached skill level 9 in Long Blades
  7781 | D:7      | Noticed Joseph
  7782 | D:7      | Noticed a troll
  7796 | D:7      | Killed a troll
  7797 | D:7      | Reached skill level 5 in Fighting
  7810 | D:7      | Killed Joseph
  7811 | D:7      | Reached XP level 10. HP: 51/66 MP: 10/10
  7893 | D:7      | Found a bloodstained altar of Trog.
  7960 | D:7      | Identified the Compendium of Attacks and Malediction
  7982 | D:7      | Got a warped pewter ring
  7984 | D:7      | Identified the ring "Uguxtisch" {Str+5 Slay+4} (You found
                  | it on level 7 of the Dungeon)
  7986 | D:7      | Identified the +3 dagger of Kodid {vorpal, rN+} (You found
                  | it on level 7 of the Dungeon)
  8448 | D:7      | Found a staircase to the Ecumenical Temple.
  8454 | Temple   | Entered the Ecumenical Temple
  9686 | D:8      | Found a sparkling altar of Nemelex Xobeh.
  9803 | D:9      | Noticed a two-headed ogre
  9816 | D:9      | Killed a two-headed ogre
 10000 | D:9      | Reached skill level 5 in Evocations
 10223 | D:9      | Reached skill level 10 in Long Blades
 10497 | D:9      | Reached XP level 11. HP: 72/72 MP: 11/11
 10560 | D:9      | Noticed a manticore
 10560 | D:9      | Noticed a boulder beetle
 10802 | D:9      | Killed an unseen horror
 11368 | D:9      | Found a glowing golden altar of the Shining One.
 11509 | D:10     | Entered Level 10 of the Dungeon
 11608 | D:10     | Noticed Maggie
 11619 | D:10     | Killed Maggie
 11718 | D:10     | Found a staircase to the Orcish Mines.
 12043 | D:10     | Noticed a two-headed ogre
 12054 | D:10     | Killed a two-headed ogre
 12417 | D:10     | Noticed an ogre mage
 12425 | D:10     | Killed an ogre mage
 12688 | D:10     | Noticed a centaur warrior
 12689 | D:10     | Noticed a yaktaur captain
 12690 | D:10     | Noticed a frost giant
 12706 | D:10     | Killed a frost giant
 12707 | D:10     | Killed a centaur warrior
 12708 | D:10     | Reached skill level 11 in Long Blades
 12708 | D:10     | Reached XP level 12. HP: 62/80 MP: 12/12
 12711 | D:10     | Killed a yaktaur captain
 13304 | D:9      | Killed a boulder beetle
 13413 | D:9      | Bought the ring "Pieskih" {rN+ MP+9 Str+4} for 435 gold
                  | pieces
 14277 | D:11     | Found a staircase to the Lair.
 14454 | D:11     | Found an ornate altar of the Wu Jian Council.
 15115 | D:12     | Found a frozen archway.
 15158 | IceCv    | Entered an ice cave
 15606 | IceCv    | Reached skill level 10 in Dodging
 15610 | IceCv    | Reached skill level 10 in Shields
 15618 | IceCv    | Reached XP level 13. HP: 68/87 MP: 13/13
 15629 | IceCv    | Reached skill level 10 in Stealth
 15825 | IceCv    | Reached skill level 12 in Long Blades
 16473 | IceCv    | Noticed a frost giant
 16480 | IceCv    | Killed a frost giant
 17560 | D:12     | Noticed Snorg
 17561 | D:12     | Noticed Jorgrun
 17576 | D:12     | Killed Snorg
 17586 | D:12     | Killed Jorgrun
 18396 | Lair:1   | Entered Level 1 of the Lair of Beasts
 19282 | D:9      | Bought an uncursed ring of resist corrosion for 220 gold
                  | pieces
 19282 | D:9      | Bought a +6 ring of dexterity for 643 gold pieces
 19524 | Lair:2   | Reached XP level 14. HP: 79/95 MP: 14/14
 19864 | Lair:2   | Reached skill level 13 in Long Blades
 20004 | Lair:2   | Identified the Handbook of Frigorific Bewitchment
 21230 | D:9      | Bought an uncursed ring of fire for 275 gold pieces
 22073 | Lair:3   | Found a staircase to the Shoals.
 22937 | Lair:4   | Found a staircase to the Snake Pit.
 23569 | Lair:5   | Reached skill level 14 in Long Blades
 24546 | D:11     | Bought a scroll of teleportation for 48 gold pieces
 24546 | D:11     | Bought a scroll of fear for 56 gold pieces
 24833 | D:13     | Noticed Rupert
 24848 | D:13     | Killed Rupert
 24849 | D:13     | Reached skill level 10 in Fighting
 25485 | D:13     | Found a blossoming altar of Fedhas.
 25632 | D:13     | Reached XP level 15. HP: 103/103 MP: 15/15
 25823 | D:14     | Found a gate to the Vaults.
 25837 | D:14     | Found a gate leading to a gauntlet.
 25852 | Gauntlet | Entered a Gauntlet
 25852 | Gauntlet | Found a transporter.
 25852 | Gauntlet | Found a runed translucent door.
 25852 | Gauntlet | Found a transporter.
 25897 | Gauntlet | Found a transporter.
 25897 | Gauntlet | Found a transporter.
 25899 | Gauntlet | Found a runed translucent door.
 25901 | Gauntlet | Found a transporter.
 25901 | Gauntlet | Found a transporter.
 25929 | Gauntlet | Found a runed translucent door.
 25932 | Gauntlet | Found a runed translucent door.
 25936 | Gauntlet | Found a transporter.
 25940 | Gauntlet | Found a transporter.
 25957 | Gauntlet | Found a transporter.
 25968 | Gauntlet | Found a transporter.
 25992 | Gauntlet | Found a transporter.
 25993 | Gauntlet | Found a transporter.
 26086 | Gauntlet | Reached skill level 15 in Long Blades
 26116 | Gauntlet | Got a slimy ivory ring
 26118 | Gauntlet | Identified the ring "Vocinwext" {Int+2 SInv} (You found it
                  | in a Gauntlet)
 26455 | Gauntlet | Found the +8 orange crystal plate armour {Archmagi, Int+3
                  | Clar}
 26504 | D:14     | Found a huge runed gate.
 26504 | D:14     | Found a huge runed gate.
 26504 | D:14     | Found a huge runed gate.
 26504 | D:14     | Found a huge runed gate.
 26504 | D:14     | Found a huge runed gate.
 26506 | D:14     | Found a huge runed gate.
 26507 | D:14     | Found a huge runed gate.
 26508 | D:14     | Found a huge runed gate.
 26508 | D:14     | Found a huge runed gate.
 26508 | D:14     | Found a huge runed gate.
 26530 | D:14     | Found a huge runed gate.
 26530 | D:14     | Found a huge runed gate.
 26540 | D:14     | Found a huge runed gate.
 26558 | D:14     | Found a huge runed gate.
 26559 | D:14     | Found a huge runed gate.
 26560 | D:14     | Found a huge runed gate.
 26561 | D:14     | Found a huge runed gate.
 26562 | D:14     | Found a huge runed gate.
 26563 | D:14     | Found a huge runed gate.
 27346 | D:14     | Found a huge runed gate.
 27347 | D:14     | Found a huge runed gate.
 27351 | D:14     | Found a huge runed gate.
 27353 | D:14     | Found a huge runed gate.
 27379 | D:14     | Found a huge runed gate.
 27379 | D:14     | Found a huge runed gate.
 27379 | D:14     | Found a huge runed gate.
 27379 | D:14     | Found a huge runed gate.
 27386 | D:14     | Found a huge runed gate.
 27403 | D:14     | Found a huge runed gate.
 27404 | D:14     | Found a huge runed gate.
 27405 | D:14     | Found a huge runed gate.
 27406 | D:14     | Found a huge runed gate.
 27407 | D:14     | Found a huge runed gate.
 27408 | D:14     | Found a huge runed gate.
 27409 | D:14     | Found a huge runed gate.
 27415 | D:14     | Found a huge runed gate.
 27689 | D:15     | Entered Level 15 of the Dungeon
 28127 | D:15     | HP: 5/106 [deep elf knight/lance of force (14)]
 28127 | D:15     | HP: 2/106 [rock wall collision (3)]
 28822 | D:15     | Found a staircase to the Depths.
 28869 | D:15     | Reached XP level 16. HP: 109/112 MP: 16/16
 29808 | D:11     | Bought the amulet of Taco {Spirit Slay+4} for 1022 gold
                  | pieces
 29938 | Lair:6   | Entered Level 6 of the Lair of Beasts
 30373 | Lair:6   | Found a staircase to the Slime Pits.
 31172 | Lair:6   | Reached skill level 10 in Evocations
 32318 | Orc:1    | Entered Level 1 of the Orcish Mines
 32760 | Orc:2    | Entered Level 2 of the Orcish Mines
 32802 | Orc:2    | Noticed Maurice
 32814 | Orc:2    | Killed Maurice
 33309 | Orc:2    | Noticed Saint Roka
 33661 | Orc:2    | HP: 3/116 [Saint Roka/divine providence (15)]
 34566 | Orc:2    | Killed Saint Roka
 34567 | Orc:2    | Reached XP level 17. HP: 51/121 MP: 10/17
 34852 | Orc:2    | Found a staircase to the Elven Halls.
 35011 | Orc:2    | Reached skill level 16 in Long Blades
 35128 | Orc:2    | Found Ezeukh's General Store.
 35128 | Orc:2    | Found Hanicov's Distillery.
 35129 | Orc:2    | Found Tiyble's Book Boutique.
 35129 | Orc:2    | Found Lept's Magic Scroll Shoppe.
 35373 | Orc:2    | Bought a manual of Evocations for 1656 gold pieces
 35374 | Orc:2    | Bought the ring "Boulouw" {Str+5 Int+6 Dex-3 SInv} for 1108
                  | gold pieces
 35664 | Snake:1  | Entered Level 1 of the Snake Pit
 35680 | Snake:1  | HP: 3/122 [shock serpent (10)]
 36277 | Snake:1  | Found Morygemu's Weapon Emporium.
 36277 | Snake:1  | Found Diolytz's Distillery.
 36279 | Snake:1  | Found Tuerur's Distillery.
 36281 | Snake:1  | Found Dojofoda's Weapon Emporium.
 38003 | Snake:2  | Identified a scroll of acquirement
 38004 | Snake:2  | Acquired 778 gold pieces
 39501 | Snake:1  | Bought a potion of experience for 650 gold pieces
 39502 | Snake:1  | Reached XP level 18. HP: 130/130 MP: 18/18
 39776 | Orc:2    | Bought a scroll of acquirement for 676 gold pieces
 39776 | Orc:2    | Acquired a +2 hat
 41579 | Snake:3  | Noticed Vashnia
 41589 | Snake:3  | Killed Vashnia
 41922 | Snake:3  | Found a runed translucent gate.
 42081 | Snake:3  | Noticed Kirke
 42108 | Snake:3  | Killed Kirke
 42258 | Snake:3  | Found a runed translucent gate.
 42258 | Snake:3  | Found a runed translucent gate.
 42259 | Snake:3  | Found an opulent altar of Gozag.
 42259 | Snake:3  | Found Oneum's Assorted Antiques.
 42259 | Snake:3  | Noticed Wiciz's ghost (adept GrBe)
 42905 | Snake:3  | Reached XP level 19. HP: 137/137 MP: 19/19
 43551 | D:14     | Noticed Ytheofip's ghost (journeyman FoFi)
 43551 | D:14     | Noticed Dosmin's ghost (journeyman MiFi)
 43551 | D:14     | Noticed Luit's ghost (journeyman DrAE)
 43551 | D:14     | Noticed Isowisus's ghost (journeyman MiBe)
 43551 | D:14     | Noticed Imiczer's ghost (journeyman FoFi)
 43551 | D:14     | Noticed Luit's ghost (journeyman DrAE)
 43552 | D:14     | Noticed Mime's ghost (journeyman DsFi)
 43568 | D:14     | Killed Ytheofip's ghost
 43578 | D:14     | Killed Mime's ghost
 43587 | D:14     | Killed Imiczer's ghost
 43594 | D:14     | Killed Dosmin's ghost
 43603 | D:14     | Killed Luit's ghost
 43630 | D:14     | Killed Isowisus's ghost
 43641 | D:14     | Killed Luit's ghost
 44504 | Snake:4  | Entered Level 4 of the Snake Pit
 44504 | Snake:4  | Found a flickering gateway to a bazaar.
 44530 | Bazaar   | Entered a bazaar
 44530 | Bazaar   | Found Damupliwn's Armour Boutique.
 44530 | Bazaar   | Found Vynk's Assorted Antiques.
 44530 | Bazaar   | Found Zuur's Jewellery Shop.
 44532 | Bazaar   | Found Onaocw's Armour Shop.
 44595 | Bazaar   | Bought the ring of Shadows {Umbra +Inv Stlth+} for 400 gold
                  | pieces
 44595 | Bazaar   | Found the ring of Shadows {Umbra +Inv Stlth+}
 44595 | Bazaar   | Bought the ring of Huntab {+Fly rElec rC+ Str+6} for 816
                  | gold pieces
 44609 | Bazaar   | Bought a potion of curing for 81 gold pieces
 44609 | Bazaar   | Bought a potion of curing for 81 gold pieces
 44734 | Snake:4  | Noticed Nikola
 44747 | Snake:4  | Killed Nikola
 44748 | Snake:4  | Reached skill level 15 in Fighting
 45687 | Snake:4  | Reached skill level 17 in Long Blades
 45718 | Snake:4  | HP: 5/139 [nagaraja/+0 spear (3)]
 45721 | Snake:4  | HP: 1/139 [nagaraja/+0 spear (7)]
 45721 | Snake:4  | Slain by a nagaraja

Illustrated notes

Levels and vault maps discovered:
D:1:      minmay_arrival_solitary_statue, layout_rooms, minmay_tetromino_t4
D:2:      layout_loops_ring, nzn_wu_jian_contemplation, minmay_ruptured
D:3:      layout_loops_corners, uniq_terence
D:4:      layout_basic, chequers_temple_overflow_statue_of_worship,
          lemuel_statue_altar
D:5:      layout_loops_ring, serial_shops, shop, serial_undead, serial_undead_d,
          serial_undead_a, serial_undead_f, serial_undead_a, serial_undead_a,
          serial_undead_a
D:6:      layout_cave_pools, pdpol_temple_overflow_zin_treasury_gozag_greed,
          general_overflow_altar, nrook_uturn
D:7:      minmay_the_grid_octo_triangle [minmay_the_grid_octo_shrine,
          minmay_the_grid_octo_prize_single_spiral,
          minmay_the_grid_octo_checkerflower], layout_cave_pods,
          minmay_temple_entry_hall, kennysheep_flooded_box, trog_book,
          uniq_joseph
D:8:      layout_loops_ring, marbit_many_paths
D:9:      layout_basic, tso_altar, serial_bayou_pond_e, minivault_5,
          st_stairs_8, wad_scary_box
D:10:     nzn_winding_woodlands_large [nzn_winding_woodlands_5x5_closed_star,
          nzn_winding_woodlands_5x15_concentric,
          nzn_winding_woodlands_5x5_open_star,
          nzn_winding_woodlands_center_diamonds,
          nzn_winding_woodlands_15x15_thick_spiral,
          nzn_winding_woodlands_center_garden, nzn_winding_woodlands_hourglass,
          nzn_winding_woodlands_5x15_parted, nzn_winding_woodlands_5x5_cross],
          layout_basic, uniq_maggie
D:11:     layout_stronghold, erik_lair_dragon, basic_altar
D:12:     layout_basic, portal_ice_cave_entry_imps, uniq_jorgrun, uniq_snorg
D:13:     layout_cave_pods, fedhas_bush_and_centaur_altar, uniq_rupert
D:14:     layout_long_grid, erik_vaults_2, serial_park_tiny_1,
          gammafunk_ghost_door_vault, gauntlet_entry_generic,
          kennysheep_generic_room_3
D:15:     hangedman_depths_entry_civil_slaughter, layout_loops_cross,
          minmay_hedge_maze, chequers_serial_rivers_micro_d
Temple:   hc_temple_tempest_star
Lair:1:   layout_big_grid, chequers_serial_rivers_micro_a,
          infiniplex_staircase_pool_2
Lair:2:   layout_layer_cave
Lair:3:   layout_hall_layers, minmay_shoals_entry_hut, special_room
          [special_room_bee]
Lair:4:   layout_long_grid, minmay_snake_entry_guardpost_small,
          chequers_serial_rivers_marsh, grunt_megastairs_3, serial_bayou_shore_a
Lair:5:   layout_long_grid, chequers_serial_rivers_micro_d, grunt_megastairs_5,
          lemuel_fruit_tree
Lair:6:   minmay_lair_end_enchanted_forest, layout_regular_city,
          minmay_slime_entry_jelly_boxes, grunt_forest_small_clearings,
          hangedman_lair_generics_rect, serial_bayou_shore_b
Snake:1:  layout_cave_pods, minmay_shoptagon, grunt_megastairs_1
Snake:2:  layout_gridlike, guppyfry_library_mini
Snake:3:  nicolae_snake_nest, layout_chambers, ebering_ghost_gozag, uniq_kirke,
          uniq_vashnia
Snake:4:  grunt_snake_rune_spirals, layout_onion_interference, serial_shops,
          bzr_entry_gold, uniq_nikola
Orc:1:    layout_caves
Orc:2:    st_orc_ogre_mass, layout_caves, uniq_maurice, uniq_saint_roka

Skill      XL: |  1  2  3  4  5  6  7  8  9 10 11 12 13 14 15 16 17 18 19 |
---------------+----------------------------------------------------------+-----
Stealth        | 1 2 3 4 6 7 8 9 10 11 12 | 12.0
Long Blades    | 3 4 6 8 9 10 11 12 14 15 16 17 | 17.0
Fighting       | 4 5 6 7 8 10 11 12 13 14 15 | 15.4
Shields        | 4 6 7 8 10 11 12 13 14 | 14.5
Dodging        | 4 6 7 8 10 11 12 13 14 | 14.5
Evocations     | 2 4 5 6 7 8 9 10 11 12 14 | 14.0

Action                   |  1- 3 |  4- 6 |  7- 9 | 10-12 | 13-15 | 16-18 | 19-21 || total
-------------------------+-------+-------+-------+-------+-------+-------+-------++-------
Melee: Long sword        |    63 |    62 |   231 |    37 |       |       |       ||   393
       Constrict         |    27 |    21 |    66 |    78 |   131 |   126 |    12 ||   461
       Tentacles         |    17 |    17 |    60 |   122 |   336 |   364 |    95 ||  1011
       Short sword       |       |       |     4 |       |       |       |       ||     4
       Scimitar          |       |       |       |   419 |   905 |   372 |   262 ||  1958
       Unarmed           |       |       |       |       |       |   459 |       ||   459
Throw: Dart              |       |       |     2 |    18 |    40 |    25 |     3 ||    88
Invok: Call Merchant     |       |       |       |     2 |     2 |     1 |       ||     5
       Potion Petition   |       |       |       |       |       |       |     1 ||     1
 Abil: Stop Flying       |       |       |       |     1 |       |       |       ||     1
       Evoke Flight      |       |       |       |     1 |       |       |       ||     1
       Evoke Invisibilit |       |       |       |       |       |       |     1 ||     1
Evoke: Wand              |       |       |     3 |    11 |     5 |    18 |       ||    37
       Box of beasts     |       |       |       |       |       |     2 |     1 ||     3
       Lightning rod     |       |       |       |       |       |     4 |     5 ||     9
       Phial of floods   |       |       |       |       |       |     1 |       ||     1
  Use: Scroll            |     9 |     8 |     9 |    13 |    11 |    20 |     5 ||    75
       Potion            |       |     1 |     6 |     4 |     7 |     5 |     1 ||    24
 Stab: Sleeping          |     6 |     9 |    12 |    26 |    29 |    34 |     2 ||   118
       Invisible         |       |       |     1 |       |     5 |       |       ||     6
       Distracted        |       |       |     1 |     3 |     9 |    15 |     4 ||    32
       Paralysed         |       |       |     4 |     3 |       |    23 |       ||    30
Armor: Skin              |     4 |     1 |    17 |     5 |    25 |    35 |     5 ||    92
Dodge: Dodged            |    27 |    36 |    98 |   104 |   268 |   311 |    78 ||   922
Block: Kite shield       |    26 |    24 |   127 |   338 |   585 |   687 |   194 ||  1981
       Reflection        |       |       |       |    23 |     2 |       |       ||    25
       Rpst.: Long sword |     9 |    10 |    35 |     4 |       |       |       ||    58
       Scimitar          |       |       |       |    16 |    49 |    26 |    10 ||   101
